AoeStats
← Kurzen

Lombardia

508954654Analyzed
4v4 RM · 6d ago on Sep 24, 2026· 66m 51s· 8 players
Game mode
Random Map
Map size
Large (8 player)
Population
200
Speed
Normal
Resources
Standard
Victory
Conquest
Starting age
Dark Age
Ending age
Imperial Age
RankedLock teamsTeams togetherTeam positionsShared explorationLock speedFull tech treeHidden civsTurbo modeCheats
Victory
Defeat
🇬🇧 Franks · United Kingdom
1055
+18
🇩🇪 Persians · Germany
1051
+18
🇫🇷 Varangians · France
1032
+19
🇬🇧 Maya · United Kingdom
1024
+19
🇪🇸 Lithuanians · Spain
1111
-20
🇧🇷 Spanish · Brazil
1106
-19
🇩🇪 Teutons · Germany
1078
-18
🇺🇸 Cumans · United States
1066
-17
Cabra da Peste
2:03 Loom
11:36 Feudal Age
18:03 Castle Age
16:36 Gold Mining
16:36 Double-Bit Axe
17:35 Stone Mining
18:45 Padded Archer Armor
21:41 Fletching
24:05 Horse Collar
29:47 Masonry
30:15 Bodkin Arrow
31:39 Leather Archer Armor
31:50 Ballistics
38:28 Bow Saw
41:01 Wheelbarrow
47:46 Imperial Age
45:33 Hand Cart
45:29 Heavy Plow
49:35 Chemistry
50:52 Ring Archer Armor
50:23 Bracer
50:47 Conscription
58:24 Elite Skirmisher
61:47 Two-Man Saw
RarinWheel65511
10:35 Feudal Age
11:20 Double-Bit Axe
18:51 Wheelbarrow
19:26 Forging
19:22 Scale Barding Armor
19:07 Fletching
19:18 Padded Archer Armor
24:36 Castle Age
24:30 Bloodlines
24:59 Pikeman
26:14 Gold Mining
27:16 Bodkin Arrow
27:37 Leather Archer Armor
27:22 Scale Mail Armor
29:00 Loom
29:01 Town Watch
29:11 Stone Mining
33:16 Hand Cart
38:59 Imperial Age
37:38 Iron Casting
37:23 Chain Barding Armor
38:48 Gold Shaft Mining
38:32 Chain Mail Armor
39:09 Town Patrol
39:20 Elite Steppe Lancer
42:51 Elite Kipchak
43:58 Steppe Husbandry
44:58 Bow Saw
47:23 Conscription
47:39 Hoardings
53:13 Horse Collar
54:35 Ring Archer Armor
54:41 Plate Barding Armor
55:07 Blast Furnace
54:37 Plate Mail Armor
55:55 Two-Man Saw
57:58 Thumb Ring
59:23 Caravan
King Brenning I
11:46 Feudal Age
10:31 Loom
12:17 Feudal Age
16:31 Castle Age
14:26 Double-Bit Axe
14:51 Horse Collar
16:03 Gold Mining
19:27 Bow Saw
19:25 Heavy Plow
20:12 Stone Mining
24:13 Wheelbarrow
23:57 Pikeman
26:52 Scale Mail Armor
27:02 Forging
27:18 Squires
28:17 Stone Shaft Mining
28:33 Chain Mail Armor
28:09 Fletching
29:41 Hand Cart
30:13 Iron Casting
33:04 Imperial Age
31:23 Ballistics
34:03 Ironclad
33:14 Halberdier
35:14 Two-Man Saw
34:11 Arson
34:49 Conscription
35:41 Plate Mail Armor
36:12 Blast Furnace
36:05 Bodkin Arrow
36:56 Elite Teutonic Knight
39:38 Chemistry
38:44 Siege Engineers
39:49 Crenellations
39:54 Town Watch
45:03 Padded Archer Armor
45:41 Guilds
50:25 Leather Archer Armor
59:01 Guard Tower
59:12 Arrowslits
Hillary Clinton
9:39 Loom
12:00 Feudal Age
15:52 Castle Age
14:10 Double-Bit Axe
14:41 Horse Collar
27:39 Bloodlines
27:31 Husbandry
27:37 Scale Barding Armor
27:49 Forging
30:47 Imperial Age
29:05 Chain Barding Armor
29:19 Bow Saw
28:58 Town Watch
29:50 Wheelbarrow
29:52 Iron Casting
30:02 Gold Mining
31:48 Conscription
32:10 Plate Barding Armor
31:12 Cavalier
32:26 Hill Forts
32:55 Hand Cart
33:19 Paladin
47:29 Tower Shields
47:31 Scale Mail Armor
46:55 Pikeman
47:36 Squires
47:22 Arson
47:27 Man-at-Arms
47:29 Halberdier
48:27 Chain Mail Armor
54:32 Long Swordsman
55:13 Two-Handed Swordsman
55:47 Champion
58:06 Chemistry
57:33 Padded Archer Armor
58:53 Leather Archer Armor
xXTOUROXx
1:17 Loom
12:23 Feudal Age
17:57 Castle Age
18:04 Stone Mining
20:14 Bloodlines
23:57 Fervor
27:27 Gold Mining
31:42 Gold Shaft Mining
30:58 Double-Bit Axe
33:55 Horse Collar
35:10 Bow Saw
41:29 Imperial Age
38:56 Fletching
39:07 Padded Archer Armor
39:30 Heavy Plow
42:12 Husbandry
41:35 Elite War Elephant
43:37 Two-Man Saw
42:22 Pikeman
43:02 Squires
43:05 Scale Mail Armor
43:16 Forging
43:33 Halberdier
44:00 Arson
45:03 Chain Mail Armor
45:24 Iron Casting
46:55 Crop Rotation
47:47 Plate Mail Armor
48:20 Blast Furnace
48:17 Wheelbarrow
48:41 Conscription
53:25 Hand Cart
53:38 Town Watch
54:35 Stone Shaft Mining
54:17 Light Cavalry
55:11 Hussar
58:04 Scale Barding Armor
60:49 Town Patrol
61:13 Chain Barding Armor
65:08 Plate Barding Armor
Kurzen
8:55 Loom
11:14 Feudal Age
12:28 Double-Bit Axe
13:41 Wheelbarrow
13:30 Horse Collar
16:19 Castle Age
17:15 Scale Barding Armor
17:21 Forging
18:19 Husbandry
19:25 Gold Mining
21:54 Iron Casting
23:03 Bloodlines
28:47 Hand Cart
28:45 Bow Saw
28:37 Heavy Plow
28:30 Stone Mining
33:34 Imperial Age
32:17 Scale Mail Armor
32:05 Arson
32:20 Squires
32:06 Gambesons
32:56 Caravan
34:10 Chain Mail Armor
33:46 Fletching
34:20 Ballistics
33:45 Elite Varangian Guard
34:52 Conscription
36:14 Two-Man Saw
37:00 Crop Rotation
37:23 Plate Mail Armor
38:25 Blast Furnace
37:09 Treadmill Crane
37:40 Masonry
38:49 Stone Shaft Mining
37:54 Gothikon
39:08 Bodkin Arrow
39:46 Architecture
44:40 Light Cavalry
45:43 Chain Barding Armor
46:28 Bracer
47:41 Murder Holes
53:19 Hussar
55:19 Plate Barding Armor
59:09 Vendel Legacy
MiniColossus
7:42 Loom
10:03 Feudal Age
15:19 Castle Age
18:36 Double-Bit Axe
20:05 Horse Collar
24:11 Fletching
24:22 Padded Archer Armor
25:40 Ballistics
27:17 Thumb Ring
28:33 Bodkin Arrow
28:53 Leather Archer Armor
31:23 Imperial Age
32:13 Elite Plumed Archer
32:58 Hul'che Javelineers
35:07 Bow Saw
35:45 Bracer
36:16 Ring Archer Armor
41:33 Caravan
44:04 Coinage
43:46 Guilds
45:45 Wheelbarrow
46:57 Two-Man Saw
46:00 Heavy Plow
53:45 Stone Mining
54:16 Hand Cart
Danny
12:03 Feudal Age
16:51 Castle Age
15:08 Double-Bit Axe
16:59 Loom
17:59 Bow Saw
19:18 Scale Mail Armor
21:28 Forging
22:15 Fletching
22:27 Stone Mining
25:52 Wheelbarrow
27:53 Chain Mail Armor
28:14 Iron Casting
31:02 Bodkin Arrow
36:12 Pikeman
36:53 Squires
36:38 Gambesons
37:27 Hand Cart
42:27 Imperial Age
40:47 Gambesons
43:40 Plate Mail Armor
44:11 Blast Furnace
43:07 Halberdier
45:58 Elite Throwing Axeman
55:06 Conscription
Connection lost

Rejoining the realm…

Still unreachable

The connection could not be restored.

Session expired

The server has moved on; the page needs a fresh start.